 Dungeon Crawl Stone Soup version 0.29-a0-317-gd16b76e6b1 (webtiles) character file.

Game seed: 12994904601283122416

60 kae the Firebug (level 4, -10/25 HPs)
             Began as a Tengu Fire Elementalist on Mar 31, 2022.
             Asphyxiated
             ... on level 3 of the Dungeon.
             The game lasted 00:01:25 (2751 turns).

kae the Firebug (Tengu Fire Elementalist)           Turns: 2751, Time: 00:01:25

Health: -10/25     AC:  2    Str:  8    XL:     4   Next: 6%
Magic:  7/8        EV: 12    Int: 17    God:
Gold:   95         SH:  0    Dex: 15    Spells: 4/7 levels left

rFire   + . .      SeeInvis .   (no weapon)
rCold   x . .      Faith    .   (no shield)
rNeg    . . .      Spirit   .   a - +0 robe
rPois   .          Reflect  .   (helmet restricted)
rElec   .          Harm     .   (no cloak)
rCorr   .          Rampage  .   (no gloves)
Will    .....                   (boots unavailable)
Stlth   ++........              (no amulet)
HPRegen 0.08/turn               h - ring of fire
MPRegen 0.11/turn               (no ring)

@: lethally poisoned (-10 -> -36), slowed, very slow
A: beak, talons 3
a: no special abilities


You were on level 3 of the Dungeon.
You visited 1 branch of the dungeon, and saw 3 of its levels.

You collected 95 gold pieces.

Inventory:

Armour
 a - a +0 robe (worn)
Jewellery
 h - a ring of fire (left hand)
Scrolls
 c - 2 scrolls of amnesia {unknown}
 e - a scroll of fog
 f - a scroll of blinking
 k - a scroll of teleportation {unknown}
 l - a scroll of identify
Potions
 b - a potion of magic
 d - a potion of invisibility {unknown}
 g - a potion of lignification
 i - a potion of attraction {unknown}
 j - a potion of might {unknown}


   Skills:
 + Level 1.1 Fighting
 + Level 1.0 Armour
 + Level 2.5 Dodging
 - Level 2.0 Stealth
 + Level 2.3 Spellcasting
 + Level 2.3 Conjurations
 * Level 4.0 Fire Magic


You had 4 spell levels left.
You knew the following spells:

 Your Spells              Type           Power      Damage    Failure   Level
a - Foxfire               Conj/Fire      76%        2x1d7     4%          1
b - Scorch                Fire           46%        2d7       5%          2

Your spell library contained the following spells:

 Spells                   Type           Power      Damage    Failure   Level
 Conjure Flame            Conj/Fire      19%        6-21      16%         3
 Animate Skeleton         Necr           4%         N/A       19%         1
 Pain                     Necr           8%         1d4       19%         1
 Inner Flame              Hex/Fire       13%        N/A       24%         3
 Flame Wave               Conj/Fire      19%        2d6       45%         4
 Vampiric Draining        Necr           2%         2d6       50%         3


Dungeon Overview and Level Annotations

Branches:
Dungeon (3/15)

Altars:


Innate Abilities, Weirdness & Mutations

You have a beak for a mouth.
You have claws for feet.


Message History

Things that are here:
a +0 dagger; a +0 dagger
Items here: )) ††.
A kobold brigand comes into view.
It is wielding a +2 dagger of draining and quivering curare-tipped darts.
A kobold brigand is nearby!
A kobold brigand is nearby!
A kobold brigand comes into view.
It is wielding a +0 club and quivering poisoned darts.
Casting: Foxfire (safe; 4% risk of failure)
Confirm with . or Enter, or press ? or * to list all spells.
You feel a surge of power!
You conjure some foxfire!
The kobold brigand shouts! x2
The foxfire hits the kobold brigand.
The kobold brigand is lightly wounded.
Casting: Foxfire (safe; 4% risk of failure)
Confirm with . or Enter, or press ? or * to list all spells.
You feel a surge of power!
You conjure some foxfire!
The foxfire hits the kobold brigand but does no damage.
The kobold brigand is lightly wounded.
The foxfire hits the kobold brigand.
The kobold brigand is moderately wounded.
The foxfire hits the kobold brigand.
The kobold brigand is heavily wounded.
The kobold brigand throws a curare-tipped dart.
The curare-tipped dart hits you.
You are poisoned.
You have difficulty breathing.
You feel yourself slow down.
You feel very sick.
The kobold brigand throws a curare-tipped dart.
The curare-tipped dart hits you.
You are lethally poisoned!
You have difficulty breathing.
* * * LOW HITPOINT WARNING * * *
You feel as though you will be slow longer.
* * * LOW HITPOINT WARNING * * *
You feel very sick.
The kobold brigand throws a curare-tipped dart.
The curare-tipped dart hits you.
You are more poisoned.
You have difficulty breathing.
You die...

#.......# #≈≈#..##
#.#########≈≈##).#
#.# #≈≈≈≈#))#
#≈≈≈≈#).#
#≈≈≈≈#..#
+#########≈≈##).#
........##≈≈#..##
........##≈##..#
........##≈#.@##
.........<.#..#
.#########.#..#
#.#####.....#..#
#>.......####..#
#######..# #..##
#...##..# #.K#
####...##..# #.K##
...'...'...# ##..


You could see 2 kobold brigands.

Vanquished Creatures
  2 dart slugs (D:2)
  7 ball pythons
  3 endoplasms
  A giant cockroach (D:1)
  3 goblins (D:2)
  5 hobgoblins
  6 jackals
  9 kobolds
  4 quokkas
  2 bats (D:1)
  6 frilled lizards
  2 rats (D:2)
50 creatures vanquished.

Vanquished Creatures (others)
  124 foxfires
  2 plants (D:2)
126 creatures vanquished.

Grand Total: 176 creatures vanquished

Notes
Turn   | Place    | Note
-------+----------+-------------------------------------------
     0 | D:1      | kae the Tengu Fire Elementalist began the quest for the
                  | Orb.
     0 | D:1      | Reached XP level 1. HP: 10/10 MP: 4/4
   299 | D:1      | Reached XP level 2. HP: 16/16 MP: 3/6
   302 | D:1      | Learned a level 2 spell: Scorch
   326 | D:1      | Found a faded altar of an unknown god.
  1069 | D:2      | Reached XP level 3. HP: 20/20 MP: 2/7
  2097 | D:2      | Reached skill level 1 in Fighting
  2483 | D:3      | Reached skill level 4 in Fire Magic
  2638 | D:3      | Reached XP level 4. HP: 25/25 MP: 2/8
  2639 | D:3      | Reached skill level 1 in Armour
  2742 | D:3      | Noticed a kobold brigand
  2743 | D:3      | Noticed a kobold brigand
  2751 | D:3      | HP: 1/25 [poisoned by a kobold brigand (curare-tipped
                  | dart)]
  2751 | D:3      | Asphyxiated

Illustrated notes

Levels and vault maps discovered:
D:1:      amcnicky_arrival_choice, layout_loops_ring,
          shapermc_ecumenical_altar_acropolis, corexii_hall_statues_x
D:2:      layout_loops_cross, minmay_misc_feat_doors, serial_bayou_pond_a,
          minmay_crystal_room, minmay_misc_feat_columns
D:3:      cheibrodos_thug_alley, layout_basic, columned_hall_lemuel,
          minivault_25, uniq_grinder

Skill      XL: |  1  2  3  4 |
---------------+-------------+-----
Conjurations   | 2 |  2.3
Fighting       | 1 |  1.1
Fire Magic     | 4 |  4.0
Armour         | 1 |  1.0
Dodging        | |  2.5
Stealth        | |  2.0
Spellcasting   | |  2.3

Action                   |  1- 3 |  4- 6 || total
-------------------------+-------+-------++-------
Melee: Unarmed           |     8 |       ||     8
       Kick              |     2 |       ||     2
       Peck              |     2 |       ||     2
 Cast: Foxfire           |    71 |     7 ||    78
       Scorch            |    14 |       ||    14
  Use: Scroll            |     7 |       ||     7
Armor: Robe              |     7 |       ||     7
Dodge: Dodged            |    36 |       ||    36

Table legend: (Time is in decaauts)
 A = Elapsed time spent in this place.
 B = Non-inter-level travel time spent in this place.
 C = Inter-level travel time spent in this place.
 D = Time resting spent in this place.
 E = Time spent auto-exploring this place.
 F = Levels seen in this place.
 G = Mean time per level.
                   A        B        C        D        E       F      G
               +--------+--------+--------+--------+--------+-----+--------+
         Total |   2752 |   2722 |     30 |    338 |   2051 |   3 |  917.3 |
       Dungeon |   2752 |   2722 |     30 |    338 |   2051 |   3 |  917.3 |
               +--------+--------+--------+--------+--------+-----+--------+

Top non-repeatable levels by time:
     D:1: 1337 daAuts
     D:2: 1141 daAuts
     D:3: 273 daAuts
